 Dungeon Crawl Stone Soup version 0.23-a0-386-g9c9d49f (webtiles) character file.

66 MTVSty1e the Chopper (level 3, -2/34 HPs)
             Began as a Minotaur Fighter on Oct 28, 2018.
             Killed by nerve-wracking pain
             ... invoked by Jessica
              (7 damage)
             ... on level 2 of the Dungeon.
             The game lasted 00:02:03 (919 turns).

MTVSty1e the Chopper (Minotaur Fighter)              Turns: 919, Time: 00:02:03

Health: -2/34      AC:  6    Str: 21    XL:     3   Next: 96%
Magic:  2/2        EV:  7    Int:  5    God:
Gold:   75         SH:  9    Dex:  9    Spells: 2/2 levels left

rFire    . . .     SeeInvis .   a - +0 war axe
rCold    . . .     Gourm    .   c - +0 shield
rNeg     . . .     Faith    .   b - +0 scale mail
rPois    .         Spirit   .   (helmet restricted)
rElec    .         Reflect  .   (no cloak)
rCorr    .         Harm     .   (no gloves)
MR       .....                  (no boots)
Stlth    ..........             (no amulet)
HPRegen  0.11/turn              (no ring)
MPRegen  0.08/turn              (no ring)

@: no status effects
A: retaliatory headbutt, horns 2
a: no special abilities


You were on level 2 of the Dungeon.
You were not hungry.

You visited 1 branch of the dungeon, and saw 2 of its levels.

You collected 75 gold pieces.

Inventory:

Hand Weapons
 a - a +0 war axe (weapon)
Armour
 b - a +0 scale mail (worn)
 c - a +0 shield (worn)
Scrolls
 e - a scroll of fog {unknown}
 h - a scroll of immolation {unknown}
 k - a scroll of noise {unknown}
Potions
 d - 2 potions of might
 g - 2 potions of lignification
 i - 2 potions of curing
Comestibles
 f - 3 rations


   Skills:
 + Level 4.4 Fighting
 * Level 4.5 Axes
 - Level 3.6 Armour
 - Level 3.6 Shields


You had 2 spell levels left.
You didn't know any spells.
Your spell library was empty.

Dungeon Overview and Level Annotations

Branches:
Dungeon (2/15)

Altars:

Annotations:
D:2 Jessica


Innate Abilities, Weirdness & Mutations

You reflexively headbutt those who attack you in melee.
You have a pair of horns on your head.


Message History

Jessica is moderately wounded.
You block Jessica's attack. x2
It was a potion of curing.
You feel better.
Jessica mumbles some strange words.
Jessica blinks!
Jessica zaps a wand.
The puff of flame hits you!
* * * LOW HITPOINT WARNING * * *
It was a potion of agility.
You feel agile all of a sudden.
You cannot move.
You cannot move.
You cannot move.
It was a potion of cancellation.
Your magical effects are unravelling.
You feel magically purged.
You feel less wooden.
Your +0 scale mail unmelds from your body.
You feel a little less agile now. Jessica gestures at you while chanting.
Pain shoots through your body!
You die...

.......................
.......................
#.....##..............#
#.....####.............
......(..............#
##..................#
####....(...........# #
##.......)).......... #
...@...@....#....... #
.....>............. #
..###..............
#........###... .
#..$....... . #..
#........#.. #..
......##.#.. #..
.......# .# ...


You could see Jessica.

Vanquished Creatures
  3 adders (D:2)
  A dart slug (D:1)
  A leopard gecko (D:1)
  2 ball pythons (D:1)
  2 giant cockroaches (D:1)
  4 goblins (D:1)
  5 hobgoblins
  2 jackals (D:1)
  2 bats (D:1)
  2 frilled lizards (D:1)
  6 kobolds
  6 rats
36 creatures vanquished.

Notes
Turn   | Place    | Note
-------+----------+-------------------------------------------
     0 | D:1      | MTVSty1e the Minotaur Fighter began the quest for the Orb.
     0 | D:1      | Reached XP level 1. HP: 19/19 MP: 0/0
    15 | D:1      | Reached XP level 2. HP: 10/27 MP: 1/1
   457 | D:1      | Reached XP level 3. HP: 32/33 MP: 2/2
   906 | D:2      | Noticed Jessica
   915 | D:2      | HP: 1/51 [Jessica/wand of flame (15) (3)]
   919 | D:2      | Killed from afar by Jessica

Vault maps used:
D:1:      mushboom_english_gardens
D:2:      dancing_weapons_uskayaw, first_ration, nicolae_ru_path_of_blood,
          uniq_jessica

Skill      XL: |  1  2  3 |
---------------+----------+-----
Axes           | 3 4 |  4.5
Fighting       | 4 |  4.4
Armour         | |  3.6
Shields        | |  3.6

Action                   || total
-------------------------++-------
Melee: War axe           ||    74
       Headbutt          ||     5
  Use: Potion            ||     4
Armor: Scale mail        ||    42
       Skin              ||     2
Dodge: Dodged            ||    29
Block: Shield            ||    59

Table legend:
 A = Non-vault XP
 B = Vault XP
 C = Vault XP percentage of total XP
 D = Non-vault monster count
 E = Vault monster count
 F = Vault count percentage of total count
                 A         B        C        D         E       F
            +---------+---------+-------+---------+---------+-------
      Total |      95 |       0 |   0.0 |      36 |       0 |   0.0
            +---------+---------+-------+---------+---------+-------
        D:1 |      47 |       0 |   0.0 |      28 |       0 |   0.0
        D:2 |      48 |       0 |   0.0 |       8 |       0 |   0.0
            +---------+---------+-------+---------+---------+-------
